AoeStats
← Neo2087

Black Forest

507947477Analyzed
3v3 RM · 13d ago on Sep 20, 2026· 54m 22s· 6 players
Game mode
Random Map
Map size
Normal (6 player)
Population
200
Speed
Normal
Resources
Standard
Victory
Conquest
Starting age
Dark Age
Ending age
Imperial Age
RankedLock teamsTeams togetherTeam positionsShared explorationLock speedFull tech treeHidden civsTurbo modeCheats
Victory
Defeat
🇨🇳 Japanese · China
1168
+7
🇨🇳 Armenians · China
1127
+8
🇨🇳 Wei · China
841
+18
🇸🇪 Maya · Sweden
954
-12
🇦🇺 Saracens · Australia
922
-11
🇹🇼 Spanish · Taiwan
914
-10
承
1:31 Loom
10:24 Feudal Age
18:04 Castle Age
16:39 Double-Bit Axe
16:37 Horse Collar
19:08 Stone Mining
19:21 Heavy Plow
21:11 Husbandry
24:05 Gold Mining
24:31 Bow Saw
26:03 Bloodlines
27:21 Scale Barding Armor
27:50 Forging
28:47 Chain Barding Armor
34:25 Imperial Age
31:41 Town Watch
33:30 Wheelbarrow
34:57 Iron Casting
34:23 Scale Mail Armor
35:01 Stone Shaft Mining
34:49 Hand Cart
35:05 Town Patrol
36:09 Cavalier
40:47 Plate Barding Armor
41:13 Blast Furnace
39:40 Paladin
41:02 Chain Mail Armor
43:28 Elite Conquistador
35 year old virgin
0:26 Loom
11:19 Feudal Age
14:47 Double-Bit Axe
15:00 Gold Mining
22:10 Castle Age
20:19 Fletching
24:47 Crossbowman
30:05 Wheelbarrow
34:22 Bodkin Arrow
41:25 Bow Saw
45:10 Ballistics
Neo2087
0:36 Loom
12:24 Feudal Age
13:43 Wheelbarrow
12:50 Horse Collar
13:00 Double-Bit Axe
21:28 Castle Age
22:34 Bow Saw
26:02 Heavy Plow
26:37 Hand Cart
28:17 Stone Mining
29:54 Gold Mining
33:51 Imperial Age
32:21 Forging
32:43 Padded Archer Armor
32:56 Fortified Wall
33:46 Bimaristan
33:53 Murder Holes
34:20 Ballistics
33:23 Elite Skirmisher
34:55 Scale Barding Armor
34:54 Husbandry
35:08 Fletching
35:57 Iron Casting
36:57 Conscription
36:56 Thumb Ring
36:49 Bodkin Arrow
37:12 Leather Archer Armor
38:57 Chemistry
38:14 Bloodlines
39:44 Gold Shaft Mining
41:42 Two-Man Saw
41:47 Chain Barding Armor
42:09 Elite Mameluke
43:54 Blast Furnace
44:45 Ring Archer Armor
44:43 Masonry
46:18 Hoardings
46:22 Plate Barding Armor
45:52 Bracer
46:49 Siege Engineers
大皮鞭
10:39 Feudal Age
10:53 Loom
13:03 Forging
15:25 Castle Age
14:35 Forging
14:37 Man-at-Arms
16:21 Horse Collar
16:18 Long Swordsman
16:44 Gambesons
17:13 Squires
16:58 Arson
17:21 Two-Handed Swordsman
18:58 Scale Mail Armor
21:41 Wheelbarrow
23:45 Double-Bit Axe
24:30 Chain Mail Armor
26:24 Iron Casting
28:08 Bow Saw
28:49 Hand Cart
30:07 Champion
39:20 Imperial Age
39:44 Capped Ram
41:44 Blast Furnace
41:14 Plate Mail Armor
40:51 Heavy Plow
40:46 Gold Mining
40:49 Stone Mining
41:18 Town Watch
41:26 Siege Ram
41:44 Heavy Scorpion
44:16 Conscription
44:05 Fereters
49:28 Coinage
YFY大人
0:33 Loom
13:30 Feudal Age
13:56 Horse Collar
14:05 Double-Bit Axe
14:35 Gold Mining
16:55 Wheelbarrow
16:11 Arson
19:10 Stone Mining
23:59 Castle Age
23:35 Scale Barding Armor
24:04 Bloodlines
24:07 Forging
24:46 Heavy Plow
24:59 Bow Saw
26:07 Gold Shaft Mining
25:13 Pikeman
26:01 Husbandry
26:35 Chain Barding Armor
27:20 Hand Cart
28:18 Stone Shaft Mining
32:02 Iron Casting
33:32 Husbandry
34:43 Tuntian
37:19 Imperial Age
35:05 Thumb Ring
35:11 Thumb Ring
39:36 Ming Guang Armor
38:33 Elite Tiger Cavalry
39:56 Crop Rotation
39:55 Conscription
40:17 Hoardings
39:40 Heavy Hei Guang Cavalry
41:24 Blast Furnace
41:22 Fletching
41:33 Padded Archer Armor
恶魔
5:11 Loom
5:21 Loom
9:55 Feudal Age
10:29 Double-Bit Axe
11:02 Man-at-Arms
11:28 Arson
11:04 Man-at-Arms
14:18 Scale Mail Armor
16:57 Loom
18:29 Forging
18:52 Horse Collar
26:06 Castle Age
26:09 Wheelbarrow
25:42 Fletching
25:48 Gold Mining
25:50 Stone Mining
26:45 Long Swordsman
27:10 Gambesons
27:44 Chain Mail Armor
27:45 Bow Saw
28:57 Gold Shaft Mining
29:03 Iron Casting
31:05 Heavy Plow
34:56 Squires
39:42 Imperial Age
38:13 Hand Cart
38:25 Bodkin Arrow
38:30 Padded Archer Armor
38:39 Thumb Ring
39:53 Treadmill Crane
40:35 Ballistics
39:38 Elite Skirmisher
41:40 Two-Man Saw
41:31 Kataparuto
41:26 Siege Engineers
41:32 Caravan
41:18 Capped Ram
42:00 Elite Samurai
43:04 Conscription
42:44 Town Watch
42:48 Two-Handed Swordsman
43:00 Pikeman
45:25 Champion
Connection lost

Rejoining the realm…

Still unreachable

The connection could not be restored.

Session expired

The server has moved on; the page needs a fresh start.